Map: Jagannatha LE

Players

SacredCoco - Winner!

  • Race: Zerg Zerg
  • League: Master

BrazzerCs

  • Race: Terran Terran
  • League: Master

VOD

Have the link to the VOD?

Description

Time

  • Played on: Aug. 7, 2021, 5:08 p.m.
  • Length: 19:26
Show
View Real Time Build Order
Export as new Build Order

SacredCoco Zerg - Winner!

Build Orders: Pool First 

Get SALT Encoding   

  12  0:01  Drone  
  13  0:09  Drone  
  14  0:20  Extractor, Drone  
  15  0:31  Spawning Pool  
  14  0:37  Overlord  
  14  0:42  Extractor  
  14  0:44  Drone  
  15  0:59  Drone x2  
  17  1:13  Hatchery  
  17  1:18  Zergling x2  
  17  1:19  Zergling x2  
  17  1:22  Zergling x2  
  19  1:32  Queen  
  19  1:39  Overlord  
  21  1:47  Drone  
  22  1:59  Drone  
  23  2:06  Drone  
  24  2:08  Queen  
  26  2:17  Drone  
  27  2:26  Queen  
  27  2:27  Drone x2  
  29  2:37  Overlord  
  28  2:38  Drone  
  29  2:46  Queen  
  29  2:47  Drone x2  
  33  2:55  Overlord  
  33  2:56  Overlord  
  33  2:57  Drone  
  34  3:02  Drone x2  
  36  3:19  Drone x3  
  39  3:24  Drone x3  
  39  3:25  Drone x4  
  46  3:30  Queen  
  46  3:33  Extractor, Drone  
  48  3:34  Extractor  
  48  3:38  Drone  
  48  3:44  Evolution Chamber  
  48  3:46  Evolution Chamber  
  46  3:54  Drone  
  46  3:55  Drone x5  
  52  4:05  Overlord x2  
  52  4:17  Extractor x2, Queen  
  51  4:24  Drone x5  
  57  4:25  Lair  
  57  4:33  Drone  
  57  4:35  Drone x4  
  62  4:43  Spine Crawler  
  62  4:45  Hatchery  
  60  4:50  Zerg Ground Armor Level 1  
  60  4:53  Spore Crawler  
  60  4:54  Spore Crawler  
  60  4:58  Drone x5  
  63  5:06  Drone  
  64  5:08  Metabolic Boost  
  64  5:15  Drone x4  
  64  5:17  Overlord  
  64  5:21  Overlord  
  68  5:23  Zerg Missile Weapons Level 1  
  68  5:27  Hydralisk Den  
  67  5:30  Drone  
  68  5:35  Overlord x2  
  68  5:38  Drone x2  
  68  5:41  Drone  
  68  5:42  Drone x2  
  73  5:53  Zergling x4  
  73  5:56  Hydralisk  
  75  5:57  Hydralisk  
  75  5:59  Hydralisk x2  
  83  6:07  Hydralisk  
  83  6:10  Hydralisk x4  
  91  6:19  Zergling x2  
  92  6:30  Hydralisk  
  92  6:42  Overlord x2, Hatchery  
  92  6:44  Hatchery, Grooved Spines  
  90  6:48  Hatchery, Zerg Ground Armor Level 2  
  89  6:55  Hydralisk  
  89  7:00  Hydralisk x2, Drone  
  89  7:01  Hydralisk  
  96  7:04  Hydralisk  
  100  7:12  Hydralisk  
  100  7:13  Overlord  
  102  7:23  Zergling x2  
  102  7:24  Zerg Missile Weapons Level 2  
  102  7:27  Zergling x4  
  98  7:48  Zergling x10  
  103  7:58  Zergling x12  
  107  8:10  Zergling x2  
  107  8:11  Zergling x8  
  103  8:13  Hydralisk x2  
  103  8:15  Queen x2  
  109  8:23  Zergling x2  
  109  8:24  Zergling x6  
  109  8:27  Hydralisk  
  114  8:34  Overlord  
  114  8:35  Overlord x2  
  114  8:39  Zergling x2  
  114  8:40  Zergling x4  
  116  8:46  Queen  
  116  8:47  Queen  
  120  8:49  Hydralisk x2  
  120  8:50  Extractor  
  120  8:51  Extractor  
  120  8:54  Muscular Augments  
  120  8:55  Hatchery  
  121  8:56  Queen  
  121  8:58  Overlord  
  121  9:01  Overseer  
  123  9:06  Zergling x8  
  127  9:14  Drone x4  
  132  9:17  Drone  
  132  9:18  Hydralisk x2  
  132  9:22  Hydralisk  
  138  9:26  Drone  
  138  9:28  Baneling Nest, Drone x2  
  138  9:30  Drone  
  141  9:34  Zerg Melee Weapons Level 1  
  141  9:41  Drone x5  
  141  9:42  Drone  
  141  9:43  Drone  
  148  9:46  Hydralisk  
  148  9:50  Overlord  
  150  9:57  Hydralisk x3  
  156  10:03  Overlord x2  
  156  10:06  Hydralisk  
  156  10:11  Centrifical Hooks  
  156  10:13  Baneling x2  
  156  10:14  Baneling x5  
  158  10:15  Baneling x2  
  158  10:16  Baneling  
  158  10:17  Drone  
  158  10:18  Drone  
  158  10:19  Drone  
  158  10:21  Drone  
  162  10:26  Hydralisk x2  
  166  10:29  Pneumatized Carapace  
  166  10:33  Hydralisk x3  
  172  10:36  Baneling x4  
  172  10:37  Baneling x2  
  172  10:46  Baneling x3  
  172  10:47  Baneling x7  
  172  10:48  Baneling, Zergling x8  
  172  10:49  Zergling x2  
  177  10:51  Overlord  
  177  10:55  Hydralisk x2  
  181  10:59  Zergling x4  
  181  11:00  Zergling x6  
  164  11:20  Zergling x30  
  164  11:21  Zergling x8  
  178  11:28  Zergling x16  
  186  11:41  Baneling  
  186  11:42  Baneling x25  
  186  11:43  Baneling  
  163  11:56  Zergling x26  
  163  12:00  Baneling x2  
  163  12:01  Baneling x7  
  172  12:04  Hydralisk x2  
  154  12:32  Hatchery  
  154  12:34  Zergling x40  
  149  12:48  Baneling x3  
  149  12:49  Hydralisk x5  
  146  12:57  Zergling x10  
  140  13:04  Hydralisk x2  
  131  13:14  Hydralisk x4  
  131  13:17  Baneling  
  131  13:18  Baneling x21  
  131  13:19  Hydralisk  
  139  13:23  Zerg Melee Weapons Level 2  
  141  13:29  Hydralisk  
  141  13:30  Hydralisk x2  
  145  13:35  Zergling x10  
  145  13:36  Zergling x2  
  151  13:42  Zergling x10  
  156  13:50  Zergling x16  
  164  13:57  Zergling x8  
  168  14:10  Zergling x12  
  145  14:29  Zergling x24  
  145  14:30  Zergling x14  
  143  14:38  Zergling x6  
  140  14:42  Hydralisk x5  
  150  14:49  Zergling x8  
  154  14:54  Baneling x13  
  154  14:55  Baneling x19  
  154  14:59  Drone  
  155  15:00  Drone x3  
  158  15:11  Zergling x12  
  163  15:15  Baneling, Hatchery  
  163  15:16  Baneling x8  
  163  15:19  Hydralisk x2  
  166  15:25  Hydralisk x3  
  172  15:29  Hydralisk x2  
  172  15:34  Zergling x8  
  160  16:01  Hydralisk x12  
  160  16:02  Hydralisk x2  
  173  16:04  Zergling x4  
  173  16:05  Zergling x2  
  170  16:14  Zergling x10  
  170  16:15  Zergling x10  
  170  16:18  Baneling x2  
  179  16:19  Baneling x7  
  179  16:27  Zergling x16  
  187  16:36  Baneling x10  
  187  16:37  Baneling x6  
  187  16:43  Zergling x10  
  168  17:27  Zergling x54  
  168  17:28  Zergling x4  
  182  17:37  Zergling x6  
  185  17:44  Zergling x8  
  185  17:45  Queen x2  
  185  17:49  Infestation Pit  
  192  17:51  Baneling x2  
  192  17:52  Baneling x23  
  192  17:59  Zergling x4  
  192  18:04  Baneling x8, Hatchery  
  192  18:05  Baneling x12  
  193  18:10  Zergling x2  
  194  18:19  Hatchery  
  193  18:24  Zergling x2  
  193  18:26  Overlord x3  
  192  18:41  Zergling x26  
  190  18:55  Drone x3  
  190  18:56  Drone x5  
  198  19:07  Zergling x2  
Show
View Real Time Build Order
Export as new Build Order

BrazzerCs Terran 

Build Orders: Gas First Reaper Expand 

Get SALT Encoding   

  12  0:00  SCV  
  13  0:12  SCV  
  14  0:16  Supply Depot  
  14  0:24  SCV  
  15  0:29  Refinery  
  15  0:38  SCV  
  16  0:44  Barracks  
  16  0:50  SCV  
  17  1:02  SCV  
  18  1:14  SCV  
  19  1:31  Reaper, Orbital Command  
  19  1:50  Command Center  
  19  1:59  SCV, Factory  
  20  2:04  Marine  
  21  2:10  Supply Depot  
  21  2:26  Marine  
  22  2:41  SCV  
  22  2:43  Factory Tech Lab  
  23  2:44  Refinery  
  23  2:46  Barracks Reactor  
  23  2:55  SCV  
  24  3:02  Siege Tank  
  27  3:07  SCV  
  27  3:09  Supply Depot  
  28  3:19  SCV  
  28  3:26  Command Center  
  28  3:28  Orbital Command  
  28  3:31  SCV  
  29  3:40  Barracks  
  29  3:43  SCV  
  29  3:44  Stimpack  
  30  3:49  Marine  
  31  3:55  SCV  
  31  3:57  SCV  
  31  4:01  Starport  
  33  4:03  Factory Reactor  
  33  4:07  SCV  
  34  4:10  SCV  
  34  4:12  Marine  
  36  4:17  Refinery  
  36  4:20  SCV  
  36  4:23  SCV  
  38  4:30  Marine x2  
  40  4:31  Marine  
  40  4:32  SCV  
  40  4:35  SCV  
  40  4:37  Orbital Command  
  43  4:44  SCV  
  44  4:46  Medivac x2  
  44  4:48  Marine x2  
  44  4:49  Marine  
  51  4:53  SCV  
  51  4:57  SCV  
  51  4:59  Factory Tech Lab  
  53  5:00  Supply Depot  
  53  5:06  SCV, Marine  
  55  5:08  Engineering Bay  
  55  5:11  Engineering Bay, SCV  
  55  5:13  Marine  
  57  5:14  Marine  
  58  5:24  Marine  
  58  5:27  Supply Depot  
  59  5:28  Medivac x2  
  59  5:30  Combat Shield  
  59  5:31  Marine  
  59  5:32  SCV, Marine, Orbital Command  
  59  5:33  SCV  
  67  5:37  Siege Tank  
  70  5:44  Terran Infantry Weapons Level 1, SCV  
  70  5:47  Refinery  
  71  5:55  SCV  
  71  5:56  SCV  
  73  6:10  SCV  
  73  6:11  SCV, Marine x2  
  74  6:12  SCV, Marine  
  73  6:29  Marine x2  
  68  6:35  SCV  
  68  6:36  SCV x2, Marine  
  68  6:38  Siege Tank  
  72  6:43  Terran Infantry Armor Level 1, Command Center  
  72  6:47  SCV  
  72  6:48  SCV  
  72  6:49  Barracks x2  
  72  6:50  Barracks  
  72  6:52  Marine  
  75  6:54  Supply Depot  
  75  6:57  Marine  
  75  6:58  Medivac x2  
  75  6:59  SCV  
  75  7:00  SCV  
  82  7:03  Sensor Tower  
  82  7:07  SCV  
  83  7:13  Armory  
  83  7:14  Marine x2  
  85  7:16  Concussive Shells, Marine  
  85  7:17  SCV  
  85  7:18  SCV  
  88  7:31  Marine  
  87  7:49  SCV, Marine  
  87  7:50  Marine  
  90  7:51  Marine x3  
  90  7:55  Marine  
  86  8:07  Siege Tank, Marine x2, Medivac x2  
  86  8:09  Marine x2  
  87  8:27  SCV x2  
  87  8:28  SCV, Marine, Marauder  
  87  8:29  Barracks Tech Lab x2  
  87  8:30  Barracks Tech Lab  
  90  8:37  Marine, Medivac  
  90  8:38  Medivac  
  94  8:44  SCV x3  
  94  8:45  SCV  
  94  8:46  Marine  
  94  8:47  Terran Infantry Armor Level 2  
  98  8:50  Marine x2, Marauder  
  98  8:53  Marine  
  98  8:55  Marine  
  104  8:57  Terran Infantry Weapons Level 2  
  104  8:59  Barracks  
  104  9:00  Refinery x2, SCV, Barracks  
  104  9:01  Barracks  
  105  9:04  Marine  
  105  9:07  Medivac  
  108  9:14  Supply Depot  
  108  9:15  Supply Depot x2  
  108  9:18  SCV, Marine x5, Medivac, Terran Vehicle Weapons Level 1  
  108  9:21  Marine  
  108  9:23  Siege Tank  
  120  9:25  SCV x2  
  122  9:32  Factory  
  122  9:35  SCV  
  122  9:36  Marine x5  
  122  9:37  SCV  
  122  9:38  SCV  
  130  9:39  Marine  
  131  9:47  SCV, Barracks Tech Lab  
  131  9:48  Barracks Tech Lab  
  131  9:49  SCV  
  131  9:50  Barracks Tech Lab  
  133  9:53  Marine x5  
  133  9:57  Marine  
  133  9:58  Planetary Fortress, Supply Depot  
  133  9:59  Supply Depot  
  139  10:01  Refinery  
  139  10:02  Refinery, Sensor Tower  
  139  10:09  Marauder x2  
  139  10:10  Marauder  
  139  10:11  SCV, Marine x2  
  148  10:17  Factory Tech Lab  
  148  10:19  Marine x4  
  152  10:29  Siege Tank, Marine  
  152  10:30  Marauder  
  152  10:31  Marauder x3  
  164  10:41  Supply Depot, Command Center  
  164  10:43  SCV, Marine, Medivac x2, Marauder  
  172  11:02  Marine x2  
  172  11:03  Siege Tank, Marauder  
  179  11:04  Command Center  
  179  11:08  Marauder  
  180  11:12  Marauder  
  180  11:13  Marauder x2  
  180  11:14  Siege Tank  
  180  11:15  Marauder x2  
  148  11:20  Marine  
  148  11:21  Marine  
  148  11:24  Marauder  
  125  11:27  Medivac x2  
  125  11:29  Marauder  
  129  11:34  Marauder x2  
  129  11:35  Marauder  
  129  11:36  Marine, Marauder  
  129  11:38  Marine x2  
  138  11:46  Marauder  
  140  11:51  Marauder  
  142  11:54  Marauder  
  142  11:55  Marine, Marauder  
  142  11:56  Reaper x3  
  142  11:57  Medivac, Marauder  
  142  11:58  Planetary Fortress  
  152  12:02  Sensor Tower  
  152  12:05  Siege Tank x2  
  152  12:06  SCV, Marine  
  152  12:07  SCV x2  
  162  12:12  Terran Infantry Armor Level 3, Marauder  
  162  12:13  Marine  
  167  12:15  Marauder  
  167  12:16  Marine  
  167  12:17  Terran Infantry Weapons Level 3  
  167  12:19  Marauder  
  170  12:23  SCV  
  170  12:24  Marine  
  170  12:28  Marine x2, Marauder  
  161  12:31  Marauder  
  161  12:33  Marauder  
  161  12:34  Marauder  
  128  12:37  Marauder  
  128  12:40  Marauder  
  128  12:43  Marauder  
  125  12:46  Marine x2  
  125  12:49  Marauder  
  118  12:52  Marauder  
  118  12:54  Marine  
  118  12:56  Marauder  
  118  12:58  Marine  
  114  12:59  Medivac x2  
  114  13:00  Orbital Command  
  114  13:02  Marauder  
  114  13:03  Marine  
  114  13:04  Marine x2  
  117  13:11  Marauder  
  121  13:13  SCV x4, Marauder  
  121  13:14  Marauder  
  121  13:15  Marine  
  121  13:17  Marauder  
  130  13:21  Marine  
  130  13:25  SCV x2  
  130  13:27  Marine x2, Marauder  
  133  13:29  Siege Tank, Medivac  
  133  13:32  Marauder  
  133  13:33  Marine  
  147  13:34  Marauder  
  147  13:35  Marauder  
  147  13:36  Medivac  
  147  13:38  Marine  
  147  13:39  Marine  
  147  13:40  SCV  
  154  13:43  Sensor Tower  
  154  13:46  SCV, Marine  
  156  13:52  Marine, Missile Turret, Marauder  
  159  14:04  Marine  
  143  14:30  Marine, Marauder  
  143  14:31  Marine x3, Marauder  
  98  14:32  Marauder x3  
  82  14:48  Marine  
  82  14:49  Marine, Marauder  
  82  14:50  Marauder  
  82  14:51  Marine  
  89  14:52  Marine  
  89  14:53  Marine, Marauder x2  
  95  15:00  SCV  
  95  15:02  Medivac x2  
  95  15:05  Marine  
  95  15:07  Marine  
  101  15:08  Command Center  
  101  15:09  Marauder  
  101  15:10  SCV  
  101  15:11  Marine, Marauder x3  
  101  15:14  Marine  
  112  15:15  Marauder  
  112  15:18  SCV x2  
  112  15:19  SCV  
  118  15:22  SCV  
  118  15:23  Marine  
  118  15:24  Marine  
  121  15:29  Marauder  
  121  15:30  SCV x2, Sensor Tower  
  121  15:31  SCV, Marauder  
  121  15:32  Refinery, Marine x3, Marauder  
  121  15:34  SCV, Starport  
  134  15:35  Marine  
  134  15:36  Fusion Core  
  134  15:41  Marine  
  134  15:42  Marine  
  117  15:50  Marauder  
  117  15:53  Marauder  
  110  16:01  Marine  
  110  16:02  Marine x2  
  110  16:03  Marauder x2  
  83  16:11  Marine  
  82  16:13  Medivac x2  
  82  16:15  Marauder  
  82  16:17  SCV  
  82  16:18  SCV x2  
  90  16:19  Marine  
  90  16:20  Marine  
  90  16:21  Marauder  
  90  16:24  Marine, Marauder  
  97  16:28  SCV  
  97  16:29  Advanced Ballistics, Starport Reactor, Marine  
  97  16:32  SCV  
  100  16:33  SCV  
  100  16:36  Marine, Marauder  
  100  16:37  Terran Vehicle Weapons Level 2  
  100  16:38  Marine  
  105  16:41  SCV  
  105  16:43  SCV  
  107  16:52  Marine, Marauder  
  107  16:53  Marauder  
  114  16:55  SCV  
  113  17:05  Marine x2, Marauder  
  107  17:10  Marauder  
  107  17:14  Marauder x2  
  105  17:17  Siege Tank, Liberator  
  106  17:23  Marine x2  
  106  17:27  Marauder  
  99  17:35  Marine  
  92  17:37  Marauder  
  92  17:38  Marauder  
  92  17:40  Engineering Bay  
  92  17:41  SCV, Marine x2  
  92  17:43  SCV  
  92  17:44  SCV  
  101  17:48  Marine  
  102  17:53  SCV, Marauder  
  105  17:58  Marine x2  
  105  18:00  Marine, Orbital Command  
  108  18:08  SCV  
  77  18:43  SCV, Marine x2  
  77  18:44  Marauder  
  77  18:46  SCV  
  77  18:47  Marine, Marauder  
  86  18:52  Siege Tank, Medivac, Marauder  
  86  18:53  Medivac  
  86  18:54  SCV  
  96  19:01  Marine x2  
  98  19:04  Marine  
  98  19:05  Marauder  
  98  19:09  SCV  
Tags
 
Add a new tag
Caveats
  • Supply blocks, unpowered buildings, or Contaminate may cause inaccurate times.
  • Supply counts are checked every 10 seconds.